 Dungeon Crawl Stone Soup version 0.31-a0-876-gfe8ebadbca (webtiles) character file.

Game seed: 5413161275187557820

1058 Shayle the Ruffian (level 8, -9/61 HPs)
             Began as a Human Shapeshifter on Oct 13, 2023.
             Mangled by an ice beast (18 damage)
             ... on level 6 of the Dungeon.
             The game lasted 00:12:51 (5129 turns).

Shayle the Ruffian (Human Shapeshifter)             Turns: 5129, Time: 00:12:52

Health: -9/61      AC: 13    Str: 15    XL:     8   Next: 51%
Magic:  8/8        EV: 12    Int: 13    God:
Gold:   283        SH:  0    Dex: 12    Spells: 7/7 levels left

rFire   x x          .
                       - Unarmed
rCold   x x .        (no shield)
rNeg    + . .        x - +0 ring mail
rPois   +            (helmet currently unavailable)
rElec   .            (cloak currently unavailable)
rCorr   .            (gloves currently unavailable)
SInv    .            (boots currently unavailable)
Will    .....        n - amulet of Elemental Vulnerability {rPois rF-- rC-- AC+8}
Stlth   +            s - ring of positive energy
HPRegen 0.30/turn    (no ring)
MPRegen 0.11/turn

%: no passive effects
@: beast-form
A: beast (slay +2)
a: Begin Untransformation


You were on level 6 of the Dungeon.
You were a hulking beast.
You visited 1 branch of the dungeon, and saw 6 of its levels.

You collected 283 gold pieces.

Inventory:

Armour
 a - a +0 animal skin
 x - a +0 ring mail (worn)
 y - a +0 pair of boots
Jewellery
 g - a ring of flight
 i - a ring of fire
 n - the amulet of Elemental Vulnerability (around neck) {rPois rF-- rC-- AC+8}
   (You found it on level 2 of the Dungeon)

   [amulet of nothing]

   AC+8:      It affects your AC (+8).
   rF--:      It makes you very vulnerable to fire.
   rC--:      It makes you very vulnerable to cold.
   rPois:     It protects you from poison
 s - a ring of positive energy (left hand)
 w - a ring of fire
Talismans
 c - a beast talisman (active)
 d - a flux talisman
Wands
 q - a wand of flame (20)
Scrolls
 h - a scroll of enchant armour {unknown}
 l - 2 scrolls of identify
 t - a scroll of enchant weapon
 v - a scroll of fog {unknown}
Potions
 b - 3 potions of lignification
 e - 4 potions of degeneration {unknown}
 f - 2 potions of mutation
 j - a potion of experience {unknown}
 k - a potion of ambrosia {unknown}
 m - a potion of might {unknown}
 p - 2 potions of brilliance {unknown}
 r - 3 potions of curing {unknown}
 u - a potion of haste {unknown}


   Skills:
 + Level 4.6 Fighting
 + Level 5.0 Dodging
 + Level 5.6 Unarmed Combat
 + Level 5.2 Shapeshifting


You had 7 spell levels left.
You didn't know any spells.
Your spell library contained the following spells:

 Spells                   Type           Power      Damage    Failure   Level
 Sting                    Tmut/Pois      0%         1d3       52%         1
 Poisonous Vapours        Pois/Air       0%         N/A       67%         2
 Gell's Gravitas          Tloc           0%         N/A       88%         3
 Teleport Other           Tloc           0%         N/A       88%         3
 Olgreb's Toxic Radiance  Pois           0%         N/A       99%         4
 Dispersal                Tloc           0%         N/A       100%        6


Dungeon Overview and Level Annotations

Branches:
Dungeon (6/15)
 Temple: D:4-7

Altars:
Hepliaklqana
Uskayaw


Message History

The orc misses you. The orc warrior closely misses you.
The orc barely misses you.
You punch the orc warrior!
You kill the orc warrior!
The orc barely misses you.
The orc priest hits you but does no damage.
The orc hits you but does no damage.
Your Dodging skill increases to level 5!
You hit the orc priest.
The orc priest is heavily wounded.
The orc barely misses you. The orc priest completely misses you.
The orc barely misses you.
You hit the orc priest. Your punch misses the orc priest.
The orc priest is severely wounded.
The orc hits you but does no damage. The orc barely misses you.
The orc priest hits you but does no damage.
You hit the orc priest but do no damage.
The orc priest is severely wounded.
The orc hits you but does no damage.
You hit the ice beast.
The ice beast is moderately wounded.
The orc hits you with a +0 mace. The orc closely misses you.
You punch the ice beast!
The ice beast is heavily wounded.
The orc hits you but does no damage. The orc priest barely misses you.
The ice beast hits you but does no damage.
The orc hits you but does no damage.
You hit the ice beast.
The ice beast is severely wounded.
The orc hits you but does no damage. The ice beast hits you.
The ice beast freezes you!
You feel a terrible chill!
* * * LOW HITPOINT WARNING * * *
The orc barely misses you.
The orc priest begins to cast a cantrip, but forgets the words!
You hit the ice beast.
The ice beast is almost dead.
The orc misses you. The ice beast hits you.
* * * LOW HITPOINT WARNING * * *
The ice beast freezes you!!
You feel a terrible chill!
You die...

.....##..# ...##.
.....########....#
............#...>#
#....##.....#....#
#....##.....# ...#
#....##.....# ..#######
#....##.....##+#........
#..............Y.#
#..............oh#
#'############.oo#
......... #'###
....................o.
......................
......................
..................o...
......#######.........
......# #.........


You could see an ice beast, an orc priest and 2 orcs.

Vanquished Creatures
  Grinder (D:5)
  An orc warrior (D:6)
  An ice beast (D:5)
  A phantom (D:5)
  A gnoll sergeant (D:6)
  A scorpion (D:5)
  A howler monkey (D:4)
  A hound (D:4)
  An orc priest (D:5)
  3 iguanas
  An orc wizard (D:5)
  10 gnolls
  9 adders
  An ufetubus (D:4)
  A worm (D:3)
  6 orcs
  10 ball pythons
  13 bats
  2 endoplasms
  6 giant cockroaches
  11 goblins
  9 hobgoblins
  5 jackals
  5 kobolds
  3 quokkas
  7 frilled lizards
  7 rats
118 creatures vanquished.

Notes
Turn   | Place    | Note
-------+----------+-------------------------------------------
     0 | D:1      | Shayle the Human Shapeshifter began the quest for the Orb.
     0 | D:1      | Reached XP level 1. HP: 15/15 MP: 1/1
   112 | D:1      | Reached XP level 2. HP: 11/21 MP: 2/2
   579 | D:1      | Reached XP level 3. HP: 23/26 MP: 3/3
   918 | D:2      | Found the amulet of Elemental Vulnerability {rPois rF--
                  | rC-- AC+8}
  1083 | D:2      | Found a faded altar of an unknown god.
  1689 | D:3      | Reached XP level 4. HP: 32/33 MP: 4/4
  2448 | D:3      | Reached XP level 5. HP: 29/38 MP: 5/5
  2805 | D:4      | Reached XP level 6. HP: 46/46 MP: 6/6
  3086 | D:4      | Found a hazy altar of Hepliaklqana.
  3616 | D:5      | Entered Level 5 of the Dungeon
  3793 | D:5      | Found a hide-covered altar of Uskayaw.
  3800 | D:5      | Noticed Grinder
  3800 | D:5      | Paralysed by Grinder for 5 turns
  3939 | D:5      | Reached XP level 7. HP: 47/52 MP: 7/7
  4099 | D:5      | Paralysed by Grinder for 5 turns
  4496 | D:5      | Paralysed by Grinder for 4 turns
  4512 | D:5      | Killed Grinder
  4513 | D:5      | Reached skill level 5 in Unarmed Combat
  4580 | D:5      | Reached XP level 8. HP: 17/60 MP: 8/8
  4877 | D:5      | Reached skill level 5 in Shapeshifting
  5123 | D:6      | Reached skill level 5 in Dodging
  5129 | D:6      | Mangled by an ice beast

Illustrated notes

Levels and vault maps discovered:
D:1:      tarquinn_simple_flora_water_f, layout_loops_ring
D:2:      layout_loops_ring, basic_ecumenical_altar
D:3:      layout_loops_corners, serial_bayou_pond_c, roderic_batcave,
          minivault_26, chequers_jeans
D:4:      kennysheep_the_goblin_king, layout_cave_pods,
          nzn_hepliaklqana_mist_gate
D:5:      layout_rooms, eat_drink_and_be_merry_uskayaw, minmay_hedge_maze,
          uniq_grinder
D:6:      layout_gridville, bloody_makhleb, kennysheep_generic_room_14

Skill      XL: |  1  2  3  4  5  6  7  8 |
---------------+-------------------------+-----
Fighting       | 2 3 4 |  4.6
Dodging        | 3 4 5 |  5.0
Unarmed Combat | 4 5 |  5.6
Shapeshifting  | 4 5 |  5.2

Action                     |  1- 3 |  4- 6 |  7- 9 || total
---------------------------+-------+-------+-------++-------
  Melee: Unarmed           |   112 |   237 |   164 ||   513
         Punch             |     1 |     8 |     9 ||    18
  Evoke: Wand              |       |       |     2 ||     2
    Use: Scroll            |     2 |     2 |     3 ||     7
         Potion            |       |       |     2 ||     2
   Stab: Sleeping          |     2 |       |       ||     2
 Armour: Animal skin       |    52 |   121 |       ||   173
         Ring mail         |       |    29 |   143 ||   172
  Dodge: Dodged            |    68 |   185 |    89 ||   342

Table legend: (Time is in decaauts)
 A = Elapsed time spent in this place.
 B = Non-inter-level travel time spent in this place.
 C = Inter-level travel time spent in this place.
 D = Time resting spent in this place.
 E = Time spent auto-exploring this place.
 F = Levels seen in this place.
 G = Mean time per level.
                   A        B        C        D        E       F      G
               +--------+--------+--------+--------+--------+-----+--------+
         Total |   5101 |   4771 |    330 |    382 |   3002 |   6 |  850.2 |
       Dungeon |   5101 |   4771 |    330 |    382 |   3002 |   6 |  850.2 |
               +--------+--------+--------+--------+--------+-----+--------+

Top non-repeatable levels by time:
     D:4: 1521 daAuts
     D:3: 946 daAuts
     D:1: 852 daAuts
     D:5: 846 daAuts
     D:2: 744 daAuts
     D:6: 188 daAuts
